BR (22 & UNDER)
LOGAN SWANS @ PLYMOUTH COCKS
09/05/2029
 
TOP OF THE 1ST
Logan Swans batting - Pitching for Plymouth Cocks : RHP Ethan Adams
Pitching: RHP Ethan Adams
Batting: RHB Ricardo Manegdeg 0-0: SINGLE (Flyball, 7S)
Batting: RHB Francisco Durango 0-0: Ball
1-0: Ball
Ricardo Manegdeg steals 2nd base
2-0: Called Strike
2-1: Foul Ball, location: 2F
2-2: Foul Ball, location: 2F
2-2: Fly out, F7 (Flyball, 7)
Batting: SHB Torajiro Ito 0-0: Called Strike
0-1: DOUBLE (Line Drive, 9D)
Ricardo Manegdeg scores
Batting: RHB Bill Becker 0-0: Ball
1-0: Ball
2-0: Ball
3-0: Called Strike
3-1: Base on Balls
Batting: RHB Luis Martínez 0-0: Swinging Strike
0-1: Grounds into double play, 4-6-3 (Groundball, 4D)
Top of the 1st over - 1 run, 2 hits, 0 errors, 1 left on base; Logan 1 - Plymouth 0
BOTTOM OF THE 1ST
Plymouth Cocks batting - Pitching for Logan Swans : LHP Vicente Canales
Pitching: LHP Vicente Canales
Batting: SHB José Chávez 0-0: Called Strike
0-1: Swinging Strike
0-2: Ball
1-2: Strikes out looking
Batting: RHB Nicolas Fillion 0-0: Ball
1-0: Ball
2-0: Swinging Strike
2-1: Foul Ball, location: 2F
2-2: Strikes out looking
Batting: LHB T.J. Richardson 0-0: Foul Ball, location: 2F
0-1: Ball
1-1: Called Strike
1-2: Ball
2-2: Ball
3-2: DOUBLE (Line Drive, 89D)
Batting: SHB António Cortéz 0-0: Called Strike
0-1: Ball
1-1: Ball
2-1: Called Strike
2-2: SINGLE (Groundball, 6M) (infield hit)
T.J. Richardson to third
Batting: RHB Jeffrey Barker 0-0: Fly out, F9 (Flyball, 89D)
Bottom of the 1st over - 0 runs, 2 hits, 0 errors, 2 left on base; Logan 1 - Plymouth 0
TOP OF THE 2ND
Logan Swans batting - Pitching for Plymouth Cocks : RHP Ethan Adams
Batting: SHB Francisco García 0-0: Called Strike
0-1: Called Strike
0-2: Ground out 6-3 (Groundball, 6)
Batting: RHB Víctor Cuevas 0-0: Ball
1-0: SINGLE (Groundball, 4D)
Batting: RHB Jesús Farías 0-0: Foul Ball, location: 2F
0-1: Swinging Strike
0-2: Ball
1-2: Foul Ball, location: 2F
1-2: Foul Ball, location: 2F
1-2: Strikes out swinging
Batting: RHB Sergio Mora 0-0: Ball
Víctor Cuevas steals 2nd base
1-0: Ball
2-0: SINGLE (Line Drive, 56D)
Víctor Cuevas to third
Runner from 3rd tries for Home, SAFE, no throw
Batting: RHB Ricardo Manegdeg 0-0: Called Strike
0-1: Called Strike
0-2: Foul Ball, location: 2F
0-2: Ball
1-2: Strikes out swinging
Top of the 2nd over - 1 run, 2 hits, 0 errors, 1 left on base; Logan 2 - Plymouth 0
BOTTOM OF THE 2ND
Plymouth Cocks batting - Pitching for Logan Swans : LHP Vicente Canales
Batting: RHB Marcos Pérez 0-0: Ball
1-0: Fly out, F4 (Flyball, 34D)
Batting: RHB Rob Palmer 0-0: Fly out, F9 (Flyball, 9LS)
Batting: LHB Vito Ramírez 0-0: SINGLE (Groundball, 56D)
Batting: RHB Augusto Vázquez 0-0: Ball
1-0: Called Strike
Vito Ramírez steals 2nd base
1-1: Called Strike
1-2: Foul Ball, location: 2F
1-2: Strikes out swinging
Bottom of the 2nd over - 0 runs, 1 hit, 0 errors, 1 left on base; Logan 2 - Plymouth 0
TOP OF THE 3RD
Logan Swans batting - Pitching for Plymouth Cocks : RHP Ethan Adams
Batting: RHB Francisco Durango 0-0: Called Strike
0-1: Called Strike
0-2: Foul Ball, location: 2F
0-2: Ball
1-2: Ground out 5-3 (Groundball, 56S)
Batting: SHB Torajiro Ito 0-0: Called Strike
0-1: Ball
1-1: Ball
2-1: Foul Ball, location: 2F
2-2: SINGLE (Line Drive, 89S)
Batting: RHB Bill Becker 0-0: Ball
1-0: Called Strike
1-1: Ball
2-1: Called Strike
2-2: Fly out, F7 (Line Drive, 7D)
Batting: RHB Luis Martínez 0-0: Fielders Choice at 2nd, 5-4 (Groundball, 56)
Top of the 3rd over - 0 runs, 1 hit, 0 errors, 1 left on base; Logan 2 - Plymouth 0
BOTTOM OF THE 3RD
Plymouth Cocks batting - Pitching for Logan Swans : LHP Vicente Canales
Batting: SHB José Chávez 0-0: Ground out U3 (Groundball, 3)
Batting: RHB Nicolas Fillion 0-0: Called Strike
0-1: Foul Ball, location: 2F
0-2: Ball
1-2: Ball
2-2: Ball
3-2: Foul Ball, location: 2F
3-2: Base on Balls
Batting: LHB T.J. Richardson 0-0: Called Strike
0-1: Foul Ball, location: 2F
0-2: Ball
1-2: Foul Ball, location: 2F
1-2: Ball
2-2: Ball
3-2: SINGLE (Flyball, 9S)
Nicolas Fillion to second
Nicolas Fillion to third
Batting: SHB António Cortéz 0-0: Ball
1-0: SINGLE (Flyball, 7LS)
Nicolas Fillion scores
T.J. Richardson to second
Batting: RHB Jeffrey Barker 0-0: Called Strike
0-1: Fielders Choice at 2nd, 3-6 (Groundball, 3)
T.J. Richardson to third
Batting: RHB Marcos Pérez 0-0: Ball
1-0: 3-RUN HOME RUN (Flyball, 78XD), Distance : 430 ft
Batting: RHB Rob Palmer 0-0: Called Strike
0-1: Swinging Strike
0-2: Strikes out swinging
Bottom of the 3rd over - 4 runs, 3 hits, 0 errors, 0 left on base; Logan 2 - Plymouth 4
TOP OF THE 4TH
Logan Swans batting - Pitching for Plymouth Cocks : RHP Ethan Adams
Batting: SHB Francisco García 0-0: Called Strike
0-1: Foul Ball, location: 2F
0-2: Ball
1-2: Fly out, F9 (Line Drive, 9LD)
Batting: RHB Víctor Cuevas 0-0: Called Strike
0-1: SINGLE (Groundball, 6D)
Batting: RHB Jesús Farías 0-0: Called Strike
0-1: Ball
1-1: Called Strike
Víctor Cuevas steals 2nd base
1-2: Ground out 5-3 (Groundball, 5)
Batting: RHB Sergio Mora 0-0: Fly out, F7 (Line Drive, 7LM)
Top of the 4th over - 0 runs, 1 hit, 0 errors, 1 left on base; Logan 2 - Plymouth 4
BOTTOM OF THE 4TH
Plymouth Cocks batting - Pitching for Logan Swans : LHP Vicente Canales
Batting: LHB Vito Ramírez 0-0: Called Strike
0-1: Ground out 6-3 (Groundball, 56D)
Batting: RHB Augusto Vázquez 0-0: Called Strike
0-1: Ground out 1-3 (Groundball, 13S)
Batting: SHB José Chávez 0-0: Called Strike
0-1: Foul Ball, location: 2F
0-2: Ball
1-2: Fly out, F7 (Line Drive, 78D)
Bottom of the 4th over - 0 runs, 0 hits, 0 errors, 0 left on base; Logan 2 - Plymouth 4
TOP OF THE 5TH
Logan Swans batting - Pitching for Plymouth Cocks : RHP Ethan Adams
Batting: RHB Ricardo Manegdeg 0-0: Ball
1-0: Ball
2-0: Ball
3-0: Called Strike
3-1: Swinging Strike
3-2: Strikes out swinging
Batting: RHB Francisco Durango 0-0: Ball
1-0: Fly out, F7 (Flyball, 78D)
Batting: SHB Torajiro Ito 0-0: Called Strike
0-1: Ball
1-1: Reached on error, E5 (Groundball, 5)
Batting: RHB Bill Becker 0-0: Fly out, F4 (Popup, 34)
Top of the 5th over - 0 runs, 0 hits, 1 error, 1 left on base; Logan 2 - Plymouth 4
BOTTOM OF THE 5TH
Plymouth Cocks batting - Pitching for Logan Swans : LHP Vicente Canales
Batting: RHB Nicolas Fillion 0-0: Ball
1-0: Ball
2-0: Called Strike
2-1: Foul Ball, location: 2F
2-2: Ball
3-2: Strikes out swinging
Batting: LHB T.J. Richardson 0-0: Ball
1-0: Fly out, F3 (Line Drive, 34)
Batting: SHB António Cortéz 0-0: Fly out, F9 (Flyball, 89D)
Bottom of the 5th over - 0 runs, 0 hits, 0 errors, 0 left on base; Logan 2 - Plymouth 4
TOP OF THE 6TH
Logan Swans batting - Pitching for Plymouth Cocks : RHP Ethan Adams
Batting: RHB Luis Martínez 0-0: Ball
1-0: Foul Ball, location: 2F
1-1: Called Strike
1-2: Strikes out looking
Batting: SHB Francisco García 0-0: Foul Ball, location: 2F
0-1: Ground out 1-3 (Groundball, 13S)
Batting: RHB Víctor Cuevas 0-0: Ball
1-0: Ground out 4-3 (Groundball, 34D)
Top of the 6th over - 0 runs, 0 hits, 0 errors, 0 left on base; Logan 2 - Plymouth 4
BOTTOM OF THE 6TH
Plymouth Cocks batting - Pitching for Logan Swans : LHP Vicente Canales
Batting: RHB Jeffrey Barker 0-0: Foul Ball, location: 2F
0-1: Swinging Strike
0-2: Strikes out looking
Batting: RHB Marcos Pérez 0-0: SINGLE (Groundball, 5D)
Batting: RHB Rob Palmer 0-0: Ball
1-0: Ball
2-0: Swinging Strike
2-1: Foul Ball, location: 2F
2-2: Foul Ball, location: 2F
2-2: Ball
3-2: Base on Balls
Marcos Pérez to second
Batting: LHB Vito Ramírez 0-0: Called Strike
0-1: Foul Ball, location: 2F
0-2: Ball
1-2: Fly out, F8 (Flyball, 78D)
Batting: RHB Augusto Vázquez 0-0: Fielders Choice at 2nd, 6-4 (Groundball, 6)
Bottom of the 6th over - 0 runs, 1 hit, 0 errors, 2 left on base; Logan 2 - Plymouth 4
TOP OF THE 7TH
Logan Swans batting - Pitching for Plymouth Cocks : RHP Ethan Adams
Batting: RHB Jesús Farías 0-0: Foul Ball, location: 2F
0-1: Swinging Strike
0-2: Ball
1-2: Ball
2-2: Fly out, F9 (Flyball, 9S)
Batting: RHB Sergio Mora 0-0: Foul Ball, location: 2F
0-1: Fly out, F8 (Flyball, 8RM)
Batting: RHB Ricardo Manegdeg 0-0: Ball
1-0: Called Strike
1-1: Fly out, F9 (Flyball, 89M)
Top of the 7th over - 0 runs, 0 hits, 0 errors, 0 left on base; Logan 2 - Plymouth 4
BOTTOM OF THE 7TH
Plymouth Cocks batting - Pitching for Logan Swans : LHP Vicente Canales
Batting: SHB José Chávez 0-0: Called Strike
0-1: Called Strike
0-2: Ball
1-2: Ball
2-2: Foul Ball, location: 2F
2-2: Strikes out swinging
Batting: RHB Nicolas Fillion 0-0: Ground out 4-3 (Groundball, 4M)
Batting: LHB T.J. Richardson 0-0: Ball
1-0: Ground out 4-3 (Groundball, 4M)
Bottom of the 7th over - 0 runs, 0 hits, 0 errors, 0 left on base; Logan 2 - Plymouth 4
TOP OF THE 8TH
Logan Swans batting - Pitching for Plymouth Cocks : RHP Ethan Adams
Batting: RHB Francisco Durango 0-0: Called Strike
0-1: Hit by Pitch
Batting: SHB Torajiro Ito 0-0: Ball
1-0: Ball
2-0: 2-RUN HOME RUN (Flyball, 9LD), Distance : 341 ft
Pinch Hitting: SHB Miguel Price 0-0: Ball
1-0: Foul Ball, location: 2F
1-1: Ball
2-1: Fly out, F9 (Flyball, 9)
Batting: RHB Luis Martínez 0-0: Ball
1-0: SINGLE (Line Drive, 7S)
Batting: SHB Francisco García 0-0: Ball
1-0: SINGLE (Groundball, 34D)
Luis Martínez to second
Runner from 2nd tries for 3rd, SAFE, no throw
Pinch Hitting: SHB Francisco Madrigal 0-0: Called Strike
Francisco García is caught stealing 2nd base
0-1: Ball
1-1: Ball
2-1: Fly out, F7 (Flyball, 7S)
Top of the 8th over - 2 runs, 3 hits, 0 errors, 1 left on base; Logan 4 - Plymouth 4
BOTTOM OF THE 8TH
Plymouth Cocks batting - Pitching for Logan Swans : LHP Vicente Canales
Pitching: LHP Michael Dean
Now at 3B: Bill Peterson
Now in CF: Francisco Madrigal
Batting: SHB António Cortéz 0-0: Foul Ball, location: 2F
0-1: Called Strike
0-2: Strikes out looking
Batting: RHB Jeffrey Barker 0-0: Called Strike
0-1: Ball
1-1: Ball
2-1: Fly out, F8 (Flyball, 8RS)
Batting: RHB Marcos Pérez 0-0: Foul Ball, location: 2F
0-1: Foul Ball, location: 2F
0-2: Ball
1-2: Strikes out swinging
Bottom of the 8th over - 0 runs, 0 hits, 0 errors, 0 left on base; Logan 4 - Plymouth 4
TOP OF THE 9TH
Logan Swans batting - Pitching for Plymouth Cocks : RHP Ethan Adams
Batting: RHB Jesús Farías 0-0: Called Strike
0-1: Swinging Strike
0-2: Fly out, F5 (Line Drive, 56)
Pinch Hitting: RHB Jeremy Camanho 0-0: Ball
1-0: Fly out, F5 (Popup, 5)
Batting: RHB Ricardo Manegdeg 0-0: Swinging Strike
0-1: SINGLE (Line Drive, 78S)
Batting: RHB Francisco Durango 0-0: Ball
Ricardo Manegdeg steals 2nd base
1-0: Called Strike
1-1: Called Strike
1-2: Fly out, F8 (Flyball, 8RD)
Top of the 9th over - 0 runs, 1 hit, 0 errors, 1 left on base; Logan 4 - Plymouth 4
BOTTOM OF THE 9TH
Plymouth Cocks batting - Pitching for Logan Swans : LHP Michael Dean
Now at SS: Jeremy Camanho
Batting: RHB Rob Palmer 0-0: Ball
1-0: Fly out, F9 (Flyball, 9D)
Pinch Hitting: RHB Rafael Hill 0-0: Called Strike
0-1: Ball
1-1: Called Strike
1-2: Foul Ball, location: 2F
1-2: Strikes out swinging
Batting: RHB Augusto Vázquez 0-0: Ball
1-0: Ball
2-0: Swinging Strike
2-1: Ground out 5-3 (Groundball, 56S)
Bottom of the 9th over - 0 runs, 0 hits, 0 errors, 0 left on base; Logan 4 - Plymouth 4
TOP OF THE 10TH
Logan Swans batting - Pitching for Plymouth Cocks : RHP Ethan Adams
Pitching: RHP Gianfranco Confalonieri
Now in RF: Diego Molina
Batting: SHB Torajiro Ito 0-0: Ball
1-0: Foul Ball, location: 2F
1-1: Ball
2-1: SINGLE (Groundball, 34S) (infield hit)
Pinch Runner at 1st Bob Coztana:
Batting: RHB Bill Peterson 0-0: Ball
1-0: Foul Ball, location: 2F
1-1: Called Strike
1-2: Foul Ball, location: 2F
1-2: Strikes out swinging
Pinch Hitting: RHB Carlos Escobar 0-0: Called Strike
0-1: Ball
1-1: Ball
2-1: Fly out, F7 (Flyball, 78M)
Batting: SHB Francisco García 0-0: Fielders Choice at 2nd, 6-4 (Groundball, 6)
Top of the 10th over - 0 runs, 1 hit, 0 errors, 1 left on base; Logan 4 - Plymouth 4
BOTTOM OF THE 10TH
Plymouth Cocks batting - Pitching for Logan Swans : LHP Michael Dean
Now at C: Amando Ursulo
Now at SS: Carlos Escobar
Batting: SHB José Chávez 0-0: Swinging Strike
0-1: SINGLE (Flyball, 78M)
Batting: RHB Nicolas Fillion 0-0: Ball
José Chávez is caught stealing 2nd base
1-0: Foul Ball, location: 2F
1-1: Swinging Strike
1-2: Ball
2-2: Ball
3-2: Fly out, F8 (Flyball, 8LM)
Batting: LHB T.J. Richardson 0-0: Ball
1-0: Foul Ball, location: 2F
1-1: Ball
2-1: Ball
3-1: Swinging Strike
3-2: Base on Balls
Batting: SHB António Cortéz 0-0: Called Strike
0-1: Ball
1-1: Foul Ball, location: 2F
1-2: Ball
Balk!
T.J. Richardson to second
2-2: Reached on error, E5 (Groundball, 56S)
T.J. Richardson to third
Batting: RHB Jeffrey Barker 0-0: Called Strike
0-1: Foul Ball, location: 2F
0-2: Ball
1-2: SINGLE (Flyball, 8LS)
T.J. Richardson scores
Saturday, December 16th, 2017 - OOTP Baseball 18.8 Build 76